 Dungeon Crawl Stone Soup version 0.28-a0-97-g102d6777a4 (webtiles) character file.

Game seed: 14735050702907629001

0 Zeld the Firebug (level 1, 0/13 HPs)
             Began as a Human Fire Elementalist on Aug 9, 2021.
             Slain by a giant cockroach (1 damage)
             ... on level 1 of the Dungeon.
             The game lasted 00:02:02 (54 turns).

Zeld the Firebug (Human Fire Elementalist)            Turns: 54, Time: 00:02:02

Health: 0/13       AC:  2    Str:  8    XL:     1   Next: 11%
Magic:  3/3        EV: 12    Int: 15    God:
Gold:   0          SH:  0    Dex: 13    Spells: 3/4 levels left

rFire   . . .      SeeInvis .   (no weapon)
rCold   . . .      Faith    .   (no shield)
rNeg    . . .      Spirit   .   a - +0 robe
rPois   .          Reflect  .   (no helmet)
rElec   .          Harm     .   (no cloak)
rCorr   .          Rampage  .   (no gloves)
Will    .....                   (no boots)
Stlth   ++........              (no amulet)
HPRegen 0.04/turn               (no ring)
MPRegen 0.08/turn               (no ring)

@: no status effects
A: no striking features
a: no special abilities


You were on level 1 of the Dungeon.
You visited 1 branch of the dungeon, and saw 1 of its levels.

Inventory:

Armour
 a - a +0 robe (worn)


   Skills:
 + Level 2.0 Dodging
 + Level 2.0 Stealth
 + Level 0.2 Unarmed Combat
 + Level 2.0 Spellcasting
 + Level 1.0 Conjurations
 + Level 3.0 Fire Magic


You had 3 spell levels left.
You knew the following spells:

 Your Spells              Type           Power      Damage    Failure   Level
a - Foxfire               Conj/Fire      28%        2x1d5     10%         1

Your spell library contained the following spells:

 Spells                   Type           Power      Damage    Failure   Level
 Conjure Flame            Conj/Fire      7%         6-21      28%         3
 Inner Flame              Hex/Fire       6%         N/A       34%         3
 Sticky Flame             Conj/Fire      7%         2d3       67%         4
 Fireball                 Conj/Fire      3%         3d4       95%         5


Dungeon Overview and Level Annotations

Branches:
Dungeon (1/15)

Altars:


Message History

The goblin shouts!
The giant cockroach bites you.
A giant cockroach comes into view.
Found three items.
The giant cockroach bites you. The giant cockroach closely misses you.
The goblin misses you.
A goblin comes into view. It is wielding a +0 club.
The giant cockroach waves its antennae.
The giant cockroach bites you. The giant cockroach closely misses you.
The giant cockroach closely misses you. x2
You see here a viscous red potion.
Found an escape hatch in the floor.
A rat comes into view.
The giant cockroach waves its antennae.
The endoplasm jiggles.
The giant cockroach bites you but does no damage. x2
A kobold comes into view. It is wielding a +0 short sword.
The giant cockroach waves its antennae. 2 rats come into view.
The giant cockroach closely misses you.
The rat moves out of view.
There is an escape hatch in the floor here.
The giant cockroach barely misses you. The giant cockroach closely misses you.
The kobold shouts!
The giant cockroach bites you but does no damage.
The rat barely misses you. The bat closely misses you.
The giant cockroach bites you but does no damage.
The rat misses you. The bat closely misses you.
The kobold hits you with a +0 short sword.
Found a scroll labelled BOUC CAFERIRGH.
You miss the bat. The bat hits you but does no damage.
The goblin barely misses you.
The kobold hits you with a +0 short sword.
* * * LOW HITPOINT WARNING * * *
The bat misses you. The bat hits you but does no damage.
The giant cockroach bites you.
You die...

.....## #.......
####.....##.
#..........#
#..........#
#######..r.......#
#........B........
#...>..gKgB......#
#......K.B@.......
#.....J...........
#######....l....b.....?#
....#...................
.................r......
..............##.#..#...
............####.##.....
............## #.. ..#..
.!............


You could see an endoplasm, 3 giant cockroaches, 2 goblins, a bat, 2 kobolds, a
frilled lizard and 2 rats.

Vanquished Creatures
  A ball python (D:1)
1 creature vanquished.

Notes
Turn   | Place    | Note
-------+----------+-------------------------------------------
     0 | D:1      | Zeld the Human Fire Elementalist began the quest for the
                  | Orb.
     0 | D:1      | Reached XP level 1. HP: 13/13 MP: 3/3
    54 | D:1      | Slain by a giant cockroach

Illustrated notes

Levels and vault maps discovered:
D:1:      dpeg_arrival_stonehenge_8_columns, layout_rooms,
          shapermc_ecumenical_altar_venn

Action                   || total
-------------------------++-------
Melee: Unarmed           ||     3
Armor: Robe              ||     7
Dodge: Dodged            ||    26

Table legend: (Time is in decaauts)
 A = Elapsed time spent in this place.
 B = Non-inter-level travel time spent in this place.
 C = Inter-level travel time spent in this place.
 D = Time resting spent in this place.
 E = Time spent auto-exploring this place.
 F = Levels seen in this place.
 G = Mean time per level.
                   A        B        C        D        E       F      G
               +--------+--------+--------+--------+--------+-----+--------+
         Total |     54 |     53 |      1 |      0 |      0 |   1 |   54.0 |
       Dungeon |     54 |     53 |      1 |      0 |      0 |   1 |   54.0 |
               +--------+--------+--------+--------+--------+-----+--------+

Top non-repeatable levels by time:
     D:1: 54 daAuts
